Map: Dusk Towers

Players

Smokingjoe - Winner!

  • Race: Protoss Protoss
  • League: Bronze
  • Spawn Location: 1:00

Fropez

  • Race: Protoss Protoss
  • League: Silver
  • Spawn Location: 7:00

VOD

Have the link to the VOD?

Description

Time

  • Played on: May 24, 2016, 1:16 p.m.
  • Length: 10:45
Show
View Real Time Build Order
Export as new Build Order

Smokingjoe Protoss - Winner!

Build Orders:  

Get SALT Encoding   

  12  0:07  Probe (Chrono Boost)  
  13  0:18  Pylon  
  13  0:37  Forge  
  13  0:46  Probe (Chrono Boost)  
  14  0:55  Pylon  
  14  1:16  Photon Cannon  
  14  1:20  Photon Cannon  
  14  1:35  Pylon  
  14  2:01  Photon Cannon  
  14  2:03  Photon Cannon  
  14  2:10  Pylon  
  14  2:20  Pylon  
  14  2:30  Probe (Chrono Boost)  
  15  2:40  Photon Cannon  
  15  2:45  Photon Cannon  
  15  2:54  Probe (Chrono Boost)  
  16  3:12  Photon Cannon  
  16  3:19  Pylon  
  16  3:34  Probe (Chrono Boost)  
  16  3:35  Gateway  
  16  3:37  Assimilator  
  17  3:44  Photon Cannon  
  17  3:45  Probe (Chrono Boost)  
  17  3:47  Photon Cannon  
  18  4:00  Photon Cannon  
  18  4:07  Probe (Chrono Boost)  
  19  4:14  Pylon  
  19  4:18  Probe (Chrono Boost)  
  20  4:36  Photon Cannon  
  20  4:40  Photon Cannon  
  20  4:47  Photon Cannon  
  20  5:13  Pylon  
  20  5:16  Probe (Chrono Boost)  
  21  5:27  Probe (Chrono Boost)  
  22  5:28  Cybernetics Core  
  22  5:35  Photon Cannon  
  22  6:02  Photon Cannon  
  22  6:13  Assimilator  
  22  6:14  Probe (Chrono Boost)  
  23  6:23  Pylon  
  23  6:25  Probe (Chrono Boost)  
  24  6:35  Probe (Chrono Boost)  
  24  6:37  Photon Cannon  
  25  6:56  Stargate  
  25  6:59  Stargate  
  25  7:08  Nexus  
  25  7:21  Photon Cannon  
  25  7:23  Photon Cannon  
  25  7:42  Fleet Beacon  
  25  7:52  Photon Cannon  
  25  8:22  Assimilator  
  25  8:24  Probe (Chrono Boost)  
  25  8:26  Assimilator  
  26  8:35  Probe (Chrono Boost)  
  27  8:51  Tempest  
  27  8:53  Tempest  
  35  9:07  Probe (Chrono Boost)  
  36  9:17  Probe (Chrono Boost)  
  36  9:18  Pylon  
  37  9:28  Probe (Chrono Boost)  
  38  9:36  Tempest  
  42  9:47  Tempest  
Show
View Real Time Build Order
Export as new Build Order

Fropez Protoss 

Build Orders: Nexus First 

Get SALT Encoding   

  12  0:01  Probe (Chrono Boost)  
  13  0:17  Probe (Chrono Boost)  
  14  0:28  Probe (Chrono Boost)  
  15  0:33  Pylon  
  15  0:42  Assimilator  
  15  1:01  Nexus, Probe (Chrono Boost)  
  16  1:11  Probe (Chrono Boost)  
  17  1:22  Probe (Chrono Boost)  
  18  1:25  Gateway  
  19  1:32  Probe (Chrono Boost)  
  18  2:00  Probe (Chrono Boost)  
  18  2:12  Zealot  
  21  2:15  Probe (Chrono Boost)  
  21  2:18  Probe (Chrono Boost)  
  22  2:26  Probe (Chrono Boost)  
  24  2:37  Probe (Chrono Boost)  
  24  2:42  Probe (Chrono Boost)  
  25  2:47  Zealot  
  27  2:59  Probe (Chrono Boost)  
  27  3:01  Pylon, Probe (Chrono Boost)  
  29  3:06  Assimilator  
  29  3:10  Probe (Chrono Boost)  
  30  3:32  Gateway  
  30  3:35  Cybernetics Core  
  30  3:39  Probe (Chrono Boost), Gateway  
  30  3:40  Probe (Chrono Boost)  
  32  3:42  Zealot  
  34  3:50  Probe (Chrono Boost)  
  34  3:51  Probe (Chrono Boost)  
  36  3:58  Gateway  
  36  4:00  Pylon, Probe (Chrono Boost)  
  37  4:03  Probe (Chrono Boost)  
  38  4:19  Stalker  
  40  4:26  Stalker  
  38  4:42  Robotics Facility  
  38  4:43  Assimilator  
  37  4:46  Assimilator  
  36  5:11  Zealot (Chrono Boost)  
  36  5:14  Zealot x2 (Chrono Boost)  
  41  5:15  Warp Gate (Chrono Boost)  
  42  5:24  Pylon  
  41  5:37  Pylon  
  41  5:53  Pylon  
  41  5:56  Zealot (Chrono Boost)  
  47  6:01  Immortal (Chrono Boost)  
  47  6:11  Pylon  
  47  6:12  Sentry x2 (Chrono Boost)  
  51  6:20  Zealot  
  53  6:38  Zealot x2  
  57  6:41  Immortal (Chrono Boost)  
  61  7:21  Pylon  
  61  7:26  Pylon  
  61  7:33  Forge  
  61  7:35  Pylon  
  61  7:36  Mothership Core  
  63  7:40  Immortal (Chrono Boost)  
  67  7:44  Pylon  
  67  7:47  Stalker  
  67  7:49  Stalker x2  
  72  8:04  Probe  
  73  8:15  Immortal  
  77  8:23  Protoss Ground Weapons Level 1 (Chrono Boost)  
  77  8:33  Probe  
  76  8:45  Probe  
  77  8:50  Pylon  
  77  8:54  Pylon  
  77  8:57  Probe  
  77  8:58  Pylon  
  78  9:06  Observer  
  79  9:28  Immortal  
  83  9:31  Zealot x2  
  83  9:32  Zealot  
  75  10:10  Stalker x2  
  75  10:11  Stalker  
  83  10:33  Gateway  
Tags
 
Matchup
PvP
Replay Pack
All Mines
Spawn Locations
Cross Positions
Add a new tag
Caveats
  • Supply blocks, unpowered buildings, or Contaminate may cause inaccurate times.
  • Supply counts are checked every 10 seconds.